AoeStats
← ivcrk826

Golden Pit

508429705Analyzed
1v1 RM · 9d ago on Sep 22, 2026· 25m 11s· 2 players
Game mode
Random Map
Map size
Tiny (2 player)
Population
200
Speed
Normal
Resources
Standard
Victory
Conquest
Starting age
Dark Age
Ending age
Imperial Age
RankedLock teamsTeams togetherTeam positionsShared explorationLock speedFull tech treeHidden civsTurbo modeCheats
Victory
Defeat
🇦🇷 Berbers · Argentina
1114
+15
🇹🇷 Britons · Türkiye
1099
-15
FreshCarp8370
9:35 Loom
11:39 Feudal Age
12:32 Double-Bit Axe
20:53 Castle Age
20:32 Gold Mining
20:27 Horse Collar
21:22 Stone Mining
21:01 Pikeman
24:00 Bow Saw
ivcrk826
6:33 Loom
9:47 Feudal Age
11:16 Double-Bit Axe
20:21 Castle Age
19:12 Forging
19:23 Bloodlines
19:42 Horse Collar
21:51 Scale Barding Armor
Connection lost

Rejoining the realm…

Still unreachable

The connection could not be restored.

Session expired

The server has moved on; the page needs a fresh start.